AoeStats
← wertyu739

Lombardia

508774411Analyzed
2v2 RM · 9d ago on Sep 24, 2026· 45m 34s· 4 players
Game mode
Random Map
Map size
Medium (4 player)
Population
200
Speed
Normal
Resources
Standard
Victory
Conquest
Starting age
Dark Age
Ending age
Imperial Age
RankedLock teamsTeams togetherTeam positionsShared explorationLock speedFull tech treeHidden civsTurbo modeCheats
Victory
Defeat
🇨🇦 Varangians · Canada
1072
+12
🇺🇸 Saxons · United States
1056
+12
🇨🇦 Britons · Canada
974
-12
🇨🇦 Franks · Canada
974
-12
wertyu739
7:44 Loom
9:42 Feudal Age
11:53 Double-Bit Axe
12:56 Fletching
16:42 Horse Collar
20:58 Castle Age
20:45 Man-at-Arms
21:04 Crossbowman
22:08 Bodkin Arrow
23:14 Heavy Plow
23:27 Bow Saw
22:56 Pikeman
25:06 Gold Mining
29:24 Squires
29:30 Padded Archer Armor
32:53 Imperial Age
33:20 Scale Mail Armor
40:38 Ballistics
42:33 Stone Mining
44:22 Arbalester
Alyosha Fyodorovich
4:51 Loom
11:57 Feudal Age
17:00 Castle Age
16:02 Double-Bit Axe
23:38 Town Watch
26:16 Gold Mining
26:19 Stone Mining
27:38 Wheelbarrow
27:30 Bow Saw
29:23 Gold Shaft Mining
29:48 Hand Cart
30:24 Scale Barding Armor
29:42 Pikeman
33:08 Gambesons
33:25 Town Patrol
35:36 Fletching
35:23 Elite Skirmisher
36:25 Squires
36:33 Padded Archer Armor
37:35 Leather Archer Armor
41:50 Imperial Age
43:13 Chain Barding Armor
42:17 Cavalier
43:34 Bodkin Arrow
Gengis Krahn
10:23 Feudal Age
10:41 Loom
12:36 Double-Bit Axe
15:18 Castle Age
14:21 Scale Barding Armor
14:10 Horse Collar
17:00 Bow Saw
17:16 Gold Mining
21:57 Bloodlines
22:44 Husbandry
24:36 Wheelbarrow
25:14 Forging
26:42 Chain Barding Armor
29:15 Iron Casting
32:25 Hand Cart
39:34 Imperial Age
39:16 Scale Mail Armor
39:28 Man-at-Arms
40:31 Chain Mail Armor
41:19 Blast Furnace
39:42 Elite Varangian Guard
39:47 Cavalier
39:56 Vendel Legacy
41:56 Plate Mail Armor
42:53 Plate Barding Armor
45:16 Conscription
44:57 Arson
45:12 Squires
45:23 Caravan
Raydn
10:41 Feudal Age
9:19 Loom
14:44 Castle Age
12:35 Double-Bit Axe
13:16 Horse Collar
15:47 Bow Saw
21:24 Fletching
24:18 Wheelbarrow
23:30 Town Watch
24:30 Bodkin Arrow
24:38 Padded Archer Armor
24:53 Crossbowman
26:27 Leather Archer Armor
26:19 Thumb Ring
29:06 Hand Cart
32:14 Ballistics
34:50 Imperial Age
33:14 Town Patrol
33:32 Masonry
35:31 Arbalester
36:13 Bracer
36:44 Ring Archer Armor
38:18 Pikeman
39:10 Squires
39:12 Scale Mail Armor
39:23 Forging
39:51 Conscription
39:57 Shield Wall
42:27 Chemistry
41:23 Murder Holes
41:37 Elite Varangian Guard
42:03 Arson
42:34 Chain Mail Armor
42:55 Iron Casting
45:31 Caravan
Connection lost

Rejoining the realm…

Still unreachable

The connection could not be restored.

Session expired

The server has moved on; the page needs a fresh start.